[Event "MCC Online Open Championship"]
[Site "Chess.com"]
[Date "2020.12.21"]
[Round "6"]
[White "Royal Buchanan"]
[Black "Paul Keyworth"]
[Result "1/2-1/2"]
[ECO "B01"]
[WhiteElo "1985"]
[BlackElo "1499"]
[TimeControl "4200+5"]
[Termination "Game drawn by agreement"]

1. e4 d5 2. exd5 Nf6 3. Nf3 Bg4 4. h3 Bh5 5. Be2 Nxd5 6. d4 e6 7. c4 Bb4+ 8. Bd2
Bxd2+ 9. Qxd2 Nb6 10. g4 Bg6 11. Nc3 Nc6 12. O-O Qf6 13. c5 Nd5 14. Nxd5 exd5
15. Rad1 O-O 16. Qg5 Qxg5 17. Nxg5 h6 18. Nf3 Rfe8 19. Bb5 Re6 20. Rfe1 Be4 21.
Nh2 a6 22. Bxc6 Rxc6 23. f3 Bg6 24. Re5 Rd8 25. h4 f6 26. Re7 Kf8 27. Rde1 Re8
28. Rxe8+ Bxe8 29. Nf1 Bf7 30. Kf2 Re6 31. Ne3 c6 32. Nf5 Rxe1 33. Kxe1 Be6 34.
Nd6 g6 35. Nxb7 Ke7 36. Na5 Kd7 37. Ke2 f5 38. g5 hxg5 39. hxg5 f4 40. Nb3 Bf5
41. Nc1 Ke6 42. Kf2 Bc2 43. b4 Kf5 44. Ne2 Kxg5 45. Nc3 Bd3 46. a4 Kf5 47. b5
axb5 48. axb5 Bxb5 49. Nxb5 cxb5 50. Ke2 Ke6 51. Kd3 Kd7 52. Kc3  1/2-1/2

[Event "MCC Online Open Championship"]
[Site "Chess.com"]
[Date "2020.12.21"]
[Round "6"]
[White "Pranav Shankar"]
[Black "Stanislav Busygin"]
[Result "0-1"]
[ECO "A65"]
[WhiteElo "1914"]
[BlackElo "2315"]
[TimeControl "4200+5"]
[Termination "Stanislav Busygin won by resignation"]

1. d4 Nf6 2. c4 c5 3. d5 e6 4. Nc3 exd5 5. cxd5 d6 6. e4 g6 7. h3 Bg7 8. Nf3 O-O
9. Bd3 b5 10. Bxb5 Nxe4 11. Nxe4 Qa5+ 12. Bd2 Qxb5 13. Nxd6 Qxb2 14. Rc1 Ba6 15.
Qc2 Nd7 16. Nc4 Rfe8+ 17. Be3 Qb4+ 18. Qd2 Bxc4 19. Qxb4 cxb4 20. Rxc4 Nb6 21.
Rc5 Bh6 22. Kd2 Bxe3+ 23. fxe3 Rad8 24. Nd4 Nxd5 25. Re1 Nxe3 26. Rxe3 Rxd4+ 27.
Ke2 Rde4 28. Rxe4 Rxe4+ 29. Kd2 Rf4 30. Ke3 Rf6 31. Rb5 Ra6 32. Rxb4 Rxa2 33.
Rb8+ Kg7 34. Kf3 h5 35. Rb7 g5 36. Rb5 Kg6 37. Rb7 h4 38. Rb8 a6 39. Ra8 Kf5 40.
Ra7 f6 41. Ra8 Ra3+ 42. Kf2 Kf4 43. Rf8 f5 44. Rb8 Ra2+ 45. Kg1 a5 46. Rc8 Rd2
47. Rc4+ Ke5 48. Rc5+ Rd5 49. Rc8 Kd4 50. Ra8 Kc3 51. Rc8+ Kb4 52. Rg8 a4 53.
Rxg5 a3 54. Rg8 a2 55. Rb8+ Rb5 56. Ra8 Ra5 57. Rb8+ Ka3  0-1

[Event "MCC Online Open Championship"]
[Site "Chess.com"]
[Date "2020.12.21"]
[Round "6"]
[White "Yili Wen"]
[Black "FM Rostislav Taborsky"]
[Result "0-1"]
[ECO "A09"]
[WhiteElo "2109"]
[BlackElo "2257"]
[TimeControl "4200+5"]
[Termination "FM Rostislav Taborsky won by resignation"]

1. Nf3 d5 2. c4 d4 3. e3 c5 4. exd4 cxd4 5. d3 Nc6 6. g3 g6 7. Bg2 Bg7 8. O-O
Nf6 9. b4 Nxb4 10. Qa4+ Nc6 11. Ne5 O-O 12. Nxc6 bxc6 13. Bxc6 Bd7 14. Re1 Re8
15. Bf4 Qc8 16. Bxd7 Nxd7 17. Qc2 e5 18. Bc1 e4 19. Nd2 e3 20. Nf3 Qc6 21. Qe2
Nc5 22. fxe3 Nxd3 23. Qxd3 Qxf3 24. Rb1 dxe3 25. Rxe3 Rxe3 26. Qxe3 Qd1+ 27. Kg2
Qc2+  0-1

[Event "MCC Online Open Championship"]
[Site "Chess.com"]
[Date "2020.12.21"]
[Round "6"]
[White "Cheryl Amber Lins"]
[Black "Kole H Moses"]
[Result "0-1"]
[ECO "A13"]
[WhiteElo "1736"]
[BlackElo "1237"]
[TimeControl "4200+5"]
[Termination "Kole H Moses won by resignation"]

1. c4 e6 2. Nc3 Nf6 3. e3 c5 4. Nf3 d5 5. cxd5 exd5 6. d4 Nc6 7. dxc5 Bxc5 8.
Be2 O-O 9. O-O Bf5 10. Nb5 Re8 11. Nbd4 Bg6 12. b3 Qe7 13. Bb2 Rac8 14. Rc1 Ne4
15. Nxc6 bxc6 16. Bd4 Ba3 17. Rc2 c5 18. Ba1 Nd6 19. Rd2 Be4 20. Bd3 Bb4 21.
Bxe4 Bxd2 22. Bxh7+ Kxh7 23. Qxd2 Qb7 24. Ng5+ Kg8 25. Qe2 f6 26. Nh3 c4 27.
bxc4 dxc4 28. Bc3 Ne4 29. Qc2 Nxc3 30. Qxc3 Red8 31. Nf4 Qe4 32. Qa5 c3 33. Qa4
Qxa4  0-1

[Event "MCC Online Open Championship"]
[Site "Chess.com"]
[Date "2020.12.21"]
[Round "6"]
[White "GM Sergei Azarov"]
[Black "FM Joshua Colas"]
[Result "1/2-1/2"]
[ECO "C50"]
[WhiteElo "2679"]
[BlackElo "2402"]
[TimeControl "4200+5"]
[Termination "Game drawn by repetition"]

1. e4 e5 2. Nf3 Nc6 3. Bc4 Nf6 4. d3 Bc5 5. c3 d6 6. Bg5 h6 7. Bh4 a6 8. O-O g5
9. Bg3 Bg4 10. h3 Bh5 11. Nbd2 O-O 12. b4 Bb6 13. Bb3 d5 14. Qc2 dxe4 15. dxe4
Qe7 16. a4 Bxf3 17. Nxf3 Nh5 18. Bh2 Nf4 19. Nd2 a5 20. b5 Nb8 21. Nc4 Nd7 22.
Ne3 Bxe3 23. fxe3 Ng6 24. Bg3 Kg7 25. Rad1 Rad8 26. Rd5 f6 27. Be1 Nc5 28. Bc4
Rxd5 29. exd5 e4 30. Be2 f5 31. c4 b6 32. Bc3+ Kh7 33. Qd1 Ne5 34. Qd4 Ned3 35.
d6 cxd6 36. Rxf5 Ne5 37. Rxf8 Qxf8 38. Qd5 Ned3 39. Bg4 Ne5 40. Bxe5 dxe5 41.
Qxe5 Kg6 42. Qd5 Kg7 43. Bf5 Nxa4 44. Bxe4 Nc5 45. Qe5+ Qf6 46. Qc7+ Kf8 47. Bd5
a4 48. e4 Nd3 49. Qc8+ Ke7 50. Qc7+ Kf8 51. Qc8+ Ke7 52. Qc7+ Kf8 1/2-1/2

[Event "MCC Online Open Championship"]
[Site "Chess.com"]
[Date "2020.12.21"]
[Round "6"]
[White "GM Sergey Kudrin"]
[Black "Evan Rosenberg"]
[Result "1-0"]
[ECO "B11"]
[WhiteElo "2473"]
[BlackElo "2234"]
[TimeControl "2700+5"]
[Termination "GM Sergey Kudrin won by resignation"]

1. e4 c6 2. Nc3 d5 3. Nf3 Bg4 4. h3 Bh5 5. exd5 cxd5 6. Bb5+ Nc6 7. g4 Bg6 8.
Ne5 Rc8 9. d4 e6 10. Qe2 Bb4 11. h4 Ne7 12. h5 Be4 13. f3 O-O 14. Nxc6 Nxc6 15.
Be3 Qf6 16. fxe4 Nxd4 17. Bxd4 Qxd4 18. Rd1 Qf6 19. exd5 Rxc3 20. bxc3 Bxc3+ 21.
Rd2 Bxd2+ 22. Kxd2 Qg5+ 23. Kc3 Qxd5 24. Rd1 Qxa2 25. Bc4 Qa3+ 26. Bb3 h6 27.
Kd2 Qb4+ 28. Kc1 Rc8 29. Rd7 a5 30. Qf3 Rf8 31. Rxb7 Qd4 32. c3 Qc5 33. Kb2 Qe5
34. Bc2 f5 35. Qd3 Rb8 36. Rxb8+ Qxb8+ 37. Ka2 Qe5 38. gxf5 exf5 39. Qxf5 Qxc3
40. Bb3+ Kh8 41. Qf8+  1-0

[Event "MCC Online Open Championship"]
[Site "Chess.com"]
[Date "2020.12.21"]
[Round "6"]
[White "Pranav Devalapalli"]
[Black "Sebastian Fengler"]
[Result "1/2-1/2"]
[ECO "D11"]
[WhiteElo "1514"]
[BlackElo "1621"]
[TimeControl "4200+5"]
[Termination "Game drawn by agreement"]

1. d4 d5 2. Nf3 c6 3. c4 Nf6 4. Nc3 dxc4 5. a4 Na6 6. e3 Bf5 7. Bxc4 e6 8. Qb3
Nb4 9. O-O Bc2 10. Qa3 Nd3 11. Qa2 Nb4 12. Qa3 a5 13. b3 Bd3 14. Bxd3 Nxd3 15.
Qa2 Be7 16. Qe2 Nb4 17. Rd1 O-O 18. Ba3 Nfd5 19. Nxd5 exd5 20. Ne5 f6 21. Nd3
Qb6 22. Qd2 Rfe8 23. Bxb4 axb4  1/2-1/2

[Event "MCC Online Open Championship"]
[Site "Chess.com"]
[Date "2020.12.21"]
[Round "7"]
[White "Blunt Jackson"]
[Black "Cheryl Amber Lins"]
[Result "0-1"]
[ECO "B23"]
[WhiteElo "1473"]
[BlackElo "1736"]
[TimeControl "4200+5"]
[Termination "Cheryl Amber Lins won by resignation"]

1. e4 c5 2. Nc3 Nc6 3. f4 g6 4. Nf3 Bg7 5. Bc4 e6 6. d3 Nge7 7. O-O O-O 8. Qe1
d5 9. Bb3 Nd4 10. e5 Nxf3+ 11. Rxf3 c4 12. dxc4 dxc4 13. Ba4 a6 14. Qe4 Rb8 15.
Qxc4 b5 16. Nxb5 axb5 17. Bxb5 Qb6+ 18. Be3 Qxb5 19. Qc7 Nd5 0-1

[Event "MCC Online Open Championship"]
[Site "Chess.com"]
[Date "2020.12.21"]
[Round "7"]
[White "Stanislav Busygin"]
[Black "Zane Eisen"]
[Result "1-0"]
[ECO "A60"]
[WhiteElo "2315"]
[BlackElo "2154"]
[TimeControl "4200+5"]
[Termination "Stanislav Busygin won by resignation"]

1. d4 Nf6 2. c4 c5 3. d5 e6 4. Nc3 exd5 5. cxd5 d6 6. Nf3 g6 7. Bf4 a6 8. a4 Bg7
9. h3 O-O 10. e3 Nh5 11. Bh2 f5 12. Be2 Nf6 13. Nd2 Qc7 14. Nc4 Ne8 15. a5 Nd7
16. Na4 Rb8 17. O-O Ndf6 18. Rc1 Bd7 19. Nab6 Bb5 20. b4 Ne4 21. Qe1 Qe7 22. f3
Nc3 23. Rxc3 Bxc3 24. Qxc3 cxb4 25. Qd4 Rd8 26. Rb1 Nf6 27. Bg3 g5 28. Be1 Rfe8
29. Bxb4 Rc8 30. Nxc8 Rxc8 31. Nxd6 1-0

[Event "MCC Online Open Championship"]
[Site "Chess.com"]
[Date "2020.12.21"]
[Round "7"]
[White "Paul Keyworth"]
[Black "Andrew Paul"]
[Result "0-1"]
[ECO "D03"]
[WhiteElo "1499"]
[BlackElo "1385"]
[TimeControl "4200+5"]
[Termination "Andrew Paul won by resignation"]

1. d4 d5 2. Nf3 Nf6 3. Bg5 Nc6 4. Bxf6 exf6 5. e3 Bb4+ 6. Nbd2 O-O 7. a3 Bd6 8.
c4 Be6 9. cxd5 Bxd5 10. Bd3 Ne7 11. Nc4 c5 12. Nxd6 Qxd6 13. Rc1 cxd4 14. Nxd4
Bxg2 15. Rg1 Qxh2 16. Kd2 Bc6 17. Qe2 g6 18. Nxc6 bxc6 19. Rh1 Qe5 20. Kc2 Rab8
21. Kb1 Rxb2+ 22. Qxb2 Rb8 23. Qxb8+ Qxb8+ 24. Ka2 Qd6 25. Rhd1 Qe6+ 26. Bc4 Qe5
27. Rd7 a5 28. Rcd1 Qf5 29. R1d2 Nd5 30. Rd8+ Kg7 31. Bxd5 cxd5 32. R8xd5 Qe6
33. Kb3 h5 34. Ka4 h4 35. R5d4 h3 36. Rd1 Qc6+ 37. Kxa5 g5 38. f4 gxf4 39. Rg1+
Kf8 40. Rd8+ Ke7 41. Rdd1 fxe3 42. Rde1 Qc5+ 43. Ka4 Qc4+ 44. Ka5 Qc5+ 45. Ka4
h2 46. Rh1 Qc3 47. Rc1 Qd4+ 48. Kb3 Qd3+ 49. Kb4 e2 50. Rce1 Qd2+ 51. Kb3 Qd5+
52. Kb4 Qd2+ 53. Kb3 Qe3+ 54. Kb2 Qe5+ 55. Kb3 f5 56. Kc2 f4 57. Rxh2 f3 58. Rf2
Qg3 59. Rff1 Qg2 60. Rg1 Qxg1 61. Rxg1 f2 62. Rb1 f1=Q 63. Rb7+ Kf6 64. Rb6+ Kg7
65. Rb1 e1=Q 66. Rxe1 Qxe1 67. Kb3 Qa5 68. a4 f5 69. Kc4 Qxa4+ 70. Kd5 f4 71.
Ke5 f3 72. Kd5 f2 73. Kd6 f1=Q 0-1

[Event "MCC Online Open Championship"]
[Site "Chess.com"]
[Date "2020.12.21"]
[Round "7"]
[White "FM Joshua Colas"]
[Black "IM Justin Joseph Sarkar"]
[Result "1/2-1/2"]
[ECO "D00"]
[WhiteElo "2402"]
[BlackElo "2464"]
[TimeControl "4200+5"]
[Termination "Game drawn by agreement"]

1. d4 d5 2. Nc3 Nf6 3. Bf4 Bf5 4. e3 e6 5. f3 Bd6 6. Nge2 Nc6 7. a3 h6 8. Qd2 a6
9. g4 Bh7 10. h4 h5 11. g5 Ng8 12. O-O-O b5 13. Ng3 b4 14. axb4 Bxb4 15. e4 Bg6
16. exd5 exd5 17. Bd3 Nge7 18. Be3 Rb8 19. f4 Qd6 20. Rdg1 Bxc3 21. Qxc3 Nb4 22.
Kd1 Nxd3 23. cxd3 Nf5 24. Nxf5 Bxf5 25. Rh2 O-O 1/2-1/2

[Event "MCC Online Open Championship"]
[Site "Chess.com"]
[Date "2020.12.21"]
[Round "7"]
[White "Miguel Garcia"]
[Black "Yili Wen"]
[Result "0-1"]
[ECO "A46"]
[WhiteElo "1969"]
[BlackElo "2109"]
[TimeControl "4200+5"]
[Termination "Yili Wen won by resignation"]

1. d4 Nf6 2. Nf3 e6 3. g3 d5 4. Bg2 Be7 5. O-O O-O 6. c4 dxc4 7. Qc2 a6 8. Qxc4
b5 9. Qc2 Bb7 10. a3 Be4 11. Qd1 c5 12. Nc3 Bb7 13. dxc5 Bxc5 14. Bg5 Nbd7 15.
Rc1 Rc8 16. Qb3 Qb6 17. e3 Rfe8 18. Rfd1 Ba8 19. Qa2 h6 20. h4 hxg5 21. hxg5 Nd5
22. Ne4 Nxe3 23. Nxc5 Nxd1 24. b4 Nxc5 25. bxc5 Rxc5 26. Rxd1 Bxf3 27. Bxf3 Rxg5
28. Kg2 Rc5 29. Qd2 Rec8 30. Qd4 e5 31. Qh4 Qf6 32. Qh3 Rc2 33. Rh1 g6 34. Qh7+
Kf8 35. Qh6+ Ke7 36. Qe3 R8c7 37. Re1 R2c3 38. Qxe5+ Qxe5 39. Rxe5+ Kf6 40. Re8
Rxa3 41. Bd5 Rd3 0-1

[Event "MCC Online Open Championship"]
[Site "Chess.com"]
[Date "2020.12.21"]
[Round "7"]
[White "IM Mitrabha Guha"]
[Black "GM Sergei Azarov"]
[Result "0-1"]
[ECO "A80"]
[WhiteElo "2495"]
[BlackElo "2679"]
[TimeControl "4200+5"]
[Termination "GM Sergei Azarov won by resignation"]

1. d4 f5 2. Nf3 Nf6 3. g3 e6 4. Bg2 Be7 5. O-O O-O 6. c4 d6 7. Nc3 Ne4 8. Nxe4
fxe4 9. Nd2 d5 10. f3 Nc6 11. fxe4 Rxf1+ 12. Kxf1 dxc4 13. Nf3 b5 14. Be3 Rb8
15. Rc1 Qe8 16. a4 a6 17. axb5 axb5 18. Qd2 Bb4 19. Qc2 e5 20. d5 Na5 21. Bd2 c5
22. dxc6 Nxc6 23. Bxb4 Nxb4 24. Qd2 Nc6 25. Ra1 Bg4 26. Qd5+ Be6 27. Qc5 b4 28.
Ra6 Nd4 29. Qxe5 Nxf3 30. exf3 Bf7 31. Qxe8+ Bxe8 32. Ra1 c3 33. Ke1 Ra8 34. Rb1
c2 35. Rc1 b3 36. Bf1 Rd8 37. Be2 Kf8 38. Ra1 Ra8 39. Rc1 Ra2 40. Kd2 Rxb2 41.
Bc4 Ba4 42. e5 h5 43. f4 Ra2 44. h3 Ra1 45. Bxb3 Rxc1 46. Bxa4 Rg1 47. Kxc2 Rxg3
48. Bd7 Rf3 49. f5 Rxh3 50. f6 Re3 51. fxg7+ Kxg7 52. e6 Kf6 53. Kd2 Re5 0-1

[Event "MCC Online Open Championship"]
[Site "Chess.com"]
[Date "2020.12.21"]
[Round "7"]
[White "Sebastian Fengler"]
[Black "Royal Buchanan"]
[Result "0-1"]
[ECO "A01"]
[WhiteElo "1621"]
[BlackElo "1985"]
[TimeControl "4200+5"]
[Termination "Royal Buchanan won by resignation"]

1. b3 Nf6 2. Bb2 g6 3. Bxf6 exf6 4. c4 Bg7 5. Nc3 O-O 6. e3 d6 7. g3 Nc6 8. Bg2
Re8 9. Nge2 Rb8 10. O-O Bg4 11. d4 Bxe2 12. Nxe2 f5 13. Rc1 Qd7 14. a3 Ne7 15.
b4 c6 16. Nf4 g5 17. Nd3 h6 18. Qh5 Ng6 19. c5 d5 20. Rce1 Re7 21. h4 gxh4 22.
Bh3 hxg3 23. Bxf5 Qe8 24. Kg2 Re4 25. Kxg3 Rh4 26. Qe2 Qe7 27. f4 Qf6 28. Bg4
Rf8 29. Ne5 Nxe5 30. fxe5 Qg5 31. Rf5 Qe7 32. Kf3 f6 33. Kg3 fxe5 34. Rxf8+ Bxf8
35. Rg1 Qg5 36. Kf3 e4+ 37. Kf2 Rh2+ 38. Rg2 Rxg2+ 39. Kxg2 h5 40. Kh3 Qxg4+ 41.
Qxg4+ hxg4+ 42. Kxg4 Kf7 43. Kf5 Bh6 44. Ke5 Ke7 45. a4 Bxe3 46. b5 Bh6 47. Kf5
e3 48. Ke5 e2 0-1

[Event "MCC Online Open Championship"]
[Site "Chess.com"]
[Date "2020.12.21"]
[Round "7"]
[White "Roger Zhang"]
[Black "Kole H Moses"]
[Result "1-0"]
[ECO "B30"]
[WhiteElo "1943"]
[BlackElo "1237"]
[TimeControl "4200+5"]
[Termination "Roger Zhang won by resignation"]

1. e4 c5 2. Nf3 Nc6 3. Bb5 e6 4. O-O Nge7 5. d4 cxd4 6. Nxd4 a6 7. Nxc6 bxc6 8.
Bd3 g6 9. Bf4 Bg7 10. Nc3 O-O 11. Bd6 Re8 12. Kh1 Qb6 13. Rb1 c5 14. e5 Bb7 15.
Be4 Nc8 16. Na4 Qb4 17. Bxb7 Qxb7 18. Nxc5 Qc6 19. f4 Nxd6 20. Qxd6 Qxd6 21.
exd6 Ra7 22. b4 Rc8 23. Rfd1 Bc3 24. Ne4 Bg7 25. Rd2 Rc4 26. Re2 f5 27. Nc5 Rxf4
28. a4 Rd4 29. b5 axb5 30. axb5 Rxd6 31. c4 Rc7 32. b6 Rcc6 33. b7 Rb6 34. b8=Q+
Rxb8 35. Rxb8+ Kf7 36. Re1 Bc3 37. Rc1 e5 38. Rb7 Ke8 39. Rxd7 Rc6 40. Rxc3 Rxc5
41. Rd5 Rxd5 42. cxd5 Kd7 43. Rc6 e4 44. Kg1 f4 45. Kf2 g5 46. Re6 e3+ 47. Kf3
h5 48. g3 fxg3 49. hxg3 h4 50. gxh4 gxh4 51. Kxe3 1-0

[Event "MCC Online Open Championship"]
[Site "Chess.com"]
[Date "2020.12.21"]
[Round "7"]
[White "GM Sergey Kudrin"]
[Black "GM Kirill Stupak"]
[Result "1/2-1/2"]
[ECO "C09"]
[WhiteElo "2473"]
[BlackElo "2568"]
[TimeControl "4200+5"]
[Termination "Game drawn by agreement"]

1. e4 e6 2. d4 d5 3. Nd2 c5 4. exd5 exd5 5. Ngf3 Nc6 6. Bb5 Qe7+ 7. Be2 Qc7 8.
O-O Nf6 9. Re1 cxd4 10. Nb3 Bb4 11. Bd2 Bxd2 12. Qxd2 O-O 13. Nfxd4 Re8 14. Bf1
Bd7 15. f3 Qb6 16. Qf2 Ne5 17. Nb5 Nc4 18. Rxe8+ Rxe8 19. Qxb6 axb6 20. Bxc4
dxc4 21. N3d4 Bxb5 1/2-1/2

[Event "MCC Online Open Championship"]
[Site "Chess.com"]
[Date "2020.12.21"]
[Round "7"]
[White "Thomas Nordeman"]
[Black "Robert James Scott"]
[Result "0-1"]
[ECO "B92"]
[WhiteElo "982"]
[BlackElo "1189"]
[TimeControl "4200+5"]
[Termination "Robert James Scott won by resignation"]

1. e4 c5 2. Nf3 d6 3. d4 cxd4 4. Nxd4 Nf6 5. Nc3 a6 6. Be2 e5 7. Nb3 Be7 8. O-O
O-O 9. Be3 Be6 10. Kh1 d5 11. exd5 Nxd5 12. Nxd5 Bxd5 13. Qd2 Qd7 14. Rad1 Rd8
15. Qc1 Qc6 16. f3 Nd7 17. Rfe1 f5 18. Bg5 Bxg5 19. Qxg5 f4 20. Bd3 Re8 21. Qf5
Nf6 22. Rxe5 Rxe5 23. Qxe5 Re8 24. Qxf4 Bf7 25. Nd4 Qa4 26. a3 Bg6 27. Ne2 Qc6
28. Bxg6 hxg6 29. Nd4 Qc4 30. Ne2 Qxe2 0-1

[Event "MCC Online Open Championship"]
[Site "Chess.com"]
[Date "2020.12.21"]
[Round "7"]
[White "Pranav Devalapalli"]
[Black "Pranav Shankar"]
[Result "1-0"]
[ECO "D02"]
[WhiteElo "1514"]
[BlackElo "1914"]
[TimeControl "4200+5"]
[Termination "Pranav Devalapalli won by resignation"]

1. d4 d5 2. Nf3 c5 3. c4 dxc4 4. e4 cxd4 5. Qxd4 Qxd4 6. Nxd4 e6 7. Nb5 Na6 8.
Bxc4 Nf6 9. N1a3 Bb4+ 10. Ke2 Nxe4 11. Rd1 O-O 12. Bf4 Re8 13. Nc2 Bc5 14. Be3
Bxe3 15. Nxe3 Nf6 16. Nd6 Rd8 17. Bxa6 bxa6 18. Rac1 Rb8 19. Rxc8 Rbxc8 20. Nxc8
Rxc8 21. Rd6 Rb8 22. Nc4 a5 23. Ra6 Rb7 24. Rxa5 Kf8 25. Kf3 Ke7 26. b3 Nd5 27.
Ne5 Kd6 28. Nc4+ Ke7 29. Ne5 Rc7 30. Rxa7 Rxa7 31. Nc6+ Kd6 32. Nxa7 Nc3 33. a4
Kc5 34. Ke3 Kb4 35. Nc6+ Kxb3 36. a5 Nd5+ 37. Kd4 Ka4 38. Kc5 h6 39. a6 Nc7 40.
Kb6 Nd5+ 41. Kb7 Kb5 42. a7 Nb6 43. Nd8 1-0

[Event "MCC Online Open Championship"]
[Site "Chess.com"]
[Date "2020.12.22"]
[Round "8"]
[White "Royal Buchanan"]
[Black "Evan Rosenberg"]
[Result "1-0"]
[ECO "B18"]
[WhiteElo "1985"]
[BlackElo "2234"]
[TimeControl "4200+5"]
[Termination "Royal Buchanan won by resignation"]

1. e4 c6 2. d4 d5 3. Nc3 dxe4 4. Nxe4 Bf5 5. Ng3 Bg6 6. N1e2 h6 7. Nf4 Bh7 8.
Bc4 e6 9. O-O Nf6 10. Re1 Bg8 11. c3 Kd7 12. a4 Kc8 13. b4 Bd6 14. Nd3 Nd5 15.
Bxd5 cxd5 16. Bf4 h5 17. Qb3 Bxf4 18. Nxf4 h4 19. Nge2 g5 20. Nd3 Nc6 21. Ne5 f6
22. Nxc6 bxc6 23. b5 Qc7 24. c4 e5 25. Qf3 Qd6 26. c5 Qe6 27. dxe5 Qxe5 28. Nc3
Qc7 29. Re8+ Kb7 30. bxc6+ Qxc6 31. Rb1+ Kc7 32. Rxa8 Qxa8 33. Qxf6 Bh7 34. Qd6+
Kc8 35. Nxd5 Qb7 36. Ne7+ 1-0

[Event "MCC Online Open Championship"]
[Site "Chess.com"]
[Date "2020.12.22"]
[Round "8"]
[White "FM Joshua Colas"]
[Black "GM Sergey Kudrin"]
[Result "0-1"]
[ECO "A30"]
[WhiteElo "2402"]
[BlackElo "2473"]
[TimeControl "4200+5"]
[Termination "GM Sergey Kudrin won by resignation"]

1. Nf3 c5 2. c4 Nc6 3. b3 e5 4. Bb2 d6 5. e3 g6 6. d4 exd4 7. exd4 Bg7 8. Bc3 d5
9. cxd5 Qxd5 10. dxc5 Qxd1+ 11. Kxd1 Nf6 12. Bd3 O-O 13. Kc2 Nd7 14. Bxg7 Kxg7
15. Kb2 Nxc5 16. Bc2 Nb4 17. Ne1 Nxc2 18. Kxc2 Bf5+ 19. Kb2 Rfe8 20. Nc3 Rad8
21. b4 Ne6 22. f3 Rd2+ 23. Kb3 Nd4+ 24. Ka4 Re3 0-1

[Event "MCC Online Open Championship"]
[Site "Chess.com"]
[Date "2020.12.22"]
[Round "8"]
[White "Pranav Shankar"]
[Black "Sebastian Fengler"]
[Result "1-0"]
[ECO "D08"]
[WhiteElo "1914"]
[BlackElo "1621"]
[TimeControl "4200+5"]
[Termination "Pranav Shankar won by resignation"]

1. d4 d5 2. c4 e5 3. dxe5 d4 4. Nf3 Nc6 5. Bf4 Nge7 6. a3 Ng6 7. Bg3 Bg4 8. Nbd2
Qd7 9. h3 Bf5 10. Bh2 h5 11. Nb3 O-O-O 12. Qd2 d3 13. Rd1 dxe2 14. Qxe2 Qe8 15.
Rxd8+ Qxd8 16. Qe3 Be7 17. Be2 h4 18. O-O Kb8 19. Rd1 Qc8 20. Bd3 Rd8 21. Rd2
Rh8 22. Nbd4 Nxd4 23. Nxd4 Bd7 24. Bxg6 fxg6 25. e6 Ba4 26. b3 Be8 27. Kh1 Bxa3
28. Ra2 Bc5 29. b4 Bxd4 30. Qxd4 b6 31. Qxg7 Bc6 32. Bxc7+ Ka8 33. Bxb6 Bb7 34.
Rxa7+ Kb8 35. Qe5+ 1-0

[Event "MCC Online Open Championship"]
[Site "Chess.com"]
[Date "2020.12.22"]
[Round "8"]
[White "IM Mitrabha Guha"]
[Black "Pranav Devalapalli"]
[Result "1-0"]
[ECO "D10"]
[WhiteElo "2495"]
[BlackElo "1514"]
[TimeControl "4200+5"]
[Termination "IM Mitrabha Guha won by resignation"]

1. d4 d5 2. c4 c6 3. cxd5 cxd5 4. Nc3 Nf6 5. Bf4 Nc6 6. e3 e6 7. Bd3 a6 8. Nf3
Bb4 9. O-O O-O 10. Ne5 Ne7 11. Qf3 Ng6 12. Ne2 Bd7 13. Bg5 Be7 14. Qh3 Ne4 15.
Bxe7 Qxe7 16. Bxe4 dxe4 17. Ng3 f5 18. f4 Nxe5 19. fxe5 Be8 20. Rf2 Bg6 21. Raf1
Rac8 22. Ne2 Rc2 23. Nc3 Rxf2 24. Rxf2 Be8 25. g4 Qg5 26. Qg3 g6 27. gxf5 Qxg3+
28. hxg3 gxf5 29. Ne2 Bc6 30. Nf4 Bd5 31. b3 Kf7 32. Nxd5 exd5 33. Rxf5+ Ke7 34.
Rxf8 Kxf8 35. Kg2 Ke7 36. Kh3 Kf7 37. Kg4 Kg6 38. Kh4 b5 39. b4 h6 40. g4 1-0

[Event "MCC Online Open Championship"]
[Site "Chess.com"]
[Date "2020.12.22"]
[Round "8"]
[White "Sajesh Naillikkal"]
[Black "Cheryl Amber Lins"]
[Result "0-1"]
[ECO "B21"]
[WhiteElo "1456"]
[BlackElo "1736"]
[TimeControl "4200+5"]
[Termination "Cheryl Amber Lins won by resignation"]

1. e4 c5 2. f4 g6 3. Nf3 Bg7 4. Bc4 e6 5. O-O Ne7 6. d4 cxd4 7. Nxd4 Nbc6 8. Nb3
d5 9. exd5 exd5 10. Bd3 O-O 11. Nc3 Nb4 12. Kh1 Nxd3 13. cxd3 h5 14. h3 h4 15.
Qf3 Nf5 16. Ne2 Re8 17. Rf2 Bd7 18. d4 Bb5 19. Nc3 Bc4 20. Bd2 Bxb3 21. axb3
Bxd4 22. Re2 Ng3+ 23. Kh2 Nxe2 24. Nxe2 Bxb2 25. Ra5 Bf6 26. Rxd5 Qe7 27. Nd4
Rad8 28. Bc3 Rxd5 29. Qxd5 Qe4 30. Qxe4 Rxe4 31. Nb5 Bxc3 32. Nxc3 Rxf4 33. g3
Rf2+ 0-1

[Event "MCC Online Open Championship"]
[Site "Chess.com"]
[Date "2020.12.22"]
[Round "8"]
[White "GM Kirill Stupak"]
[Black "FM Rostislav Taborsky"]
[Result "1-0"]
[ECO "A20"]
[WhiteElo "2568"]
[BlackElo "2257"]
[TimeControl "4200+5"]
[Termination "GM Kirill Stupak won on time"]

1. c4 e5 2. g3 Nf6 3. Bg2 c6 4. d4 exd4 5. Qxd4 d5 6. cxd5 cxd5 7. Nf3 Nc6 8.
Qd1 Bc5 9. O-O h6 10. Nc3 a6 11. b3 O-O 12. Bb2 Re8 13. Rc1 Ba7 14. Na4 d4 15.
a3 Bg4 16. b4 Qe7 17. h3 Bh5 18. g4 Bg6 19. Nxd4 Nxd4 20. Bxd4 Rad8 21. Nc5 Be4
22. e3 Bxg2 23. Kxg2 Ne4 24. f3 Bxc5 25. bxc5 Ng5 26. Qc2 Ne6 27. Rcd1 Rd5 28.
Bb2 Rxc5 29. Qf2 h5 30. Rd2 Rd8 31. Rfd1 Rxd2 32. Rxd2 hxg4 33. hxg4 f5 34. Qg3
fxg4 35. f4 Qf7 36. Qxg4 Qf5 37. Rd8+ Kh7 38. Qxf5+ Rxf5 39. Re8 Rb5 40. Be5 Nc5
41. Re7 Rb3 42. Bd4 Na4 43. Rxg7+ Kh6 44. Rc7 Rxa3 45. Rxb7 Nc3 46. Kf3 Nd5 47.
Ke4 1-0

[Event "MCC Online Open Championship"]
[Site "Chess.com"]
[Date "2020.12.22"]
[Round "8"]
[White "Kole H Moses"]
[Black "Thomas Nordeman"]
[Result "1-0"]
[ECO "C42"]
[WhiteElo "1237"]
[BlackElo "982"]
[TimeControl "4200+5"]
[Termination "Kole H Moses won by resignation"]

1. e4 e5 2. Nf3 Nf6 3. Nxe5 d6 4. Nf3 Nxe4 5. Nc3 Nxc3 6. dxc3 Be7 7. Bd3 O-O 8.
O-O Nc6 9. Be3 Bg4 10. h3 Bh5 11. Be2 Re8 12. Re1 Qd7 13. Qd2 Rad8 14. Rad1 Bf6
15. Qd5 Bg6 16. Bg5 Re6 17. Nh4 Bxg5 18. Qxg5 Bxc2 19. Rc1 Bg6 20. Bg4 Rxe1+ 21.
Rxe1 f5 22. Nxf5 Qf7 23. Ne7+ Nxe7 24. Be6 1-0

[Event "MCC Online Open Championship"]
[Site "Chess.com"]
[Date "2020.12.22"]
[Round "8"]
[White "GM Sergei Azarov"]
[Black "Stanislav Busygin"]
[Result "1-0"]
[ECO "C10"]
[WhiteElo "2679"]
[BlackElo "2315"]
[TimeControl "4200+5"]
[Termination "GM Sergei Azarov won by resignation"]

1. e4 e6 2. d4 d5 3. Nd2 dxe4 4. Nxe4 Nd7 5. Nf3 Ngf6 6. Nxf6+ Nxf6 7. Ne5 Bd6
8. Bd3 c5 9. O-O cxd4 10. Bb5+ Ke7 11. Qxd4 Qc7 12. Bf4 Nd5 13. Bg3 f6 14. Qg4
g5 15. c4 Ne3 16. fxe3 Bxe5 17. Rxf6 Bxg3 18. Qxg5 Bxh2+ 19. Kh1 Qg3 20. Rf7+
1-0

[Event "MCC Online Open Championship"]
[Site "Chess.com"]
[Date "2020.12.22"]
[Round "8"]
[White "Alice Wu"]
[Black "Miguel Garcia"]
[Result "0-1"]
[ECO "B27"]
[WhiteElo "1742"]
[BlackElo "1980"]
[TimeControl "4200+5"]
[Termination "Miguel Garcia won by resignation"]

1. e4 c5 2. Nf3 g6 3. c3 Bg7 4. d4 cxd4 5. cxd4 d5 6. exd5 Nf6 7. Bb5+ Bd7 8.
Bc4 O-O 9. O-O Na6 10. Bxa6 bxa6 11. d6 exd6 12. d5 Rc8 13. Be3 Bb5 14. Re1 Ng4
15. Bd4 Ne5 16. Nxe5 dxe5 17. Bxe5 Bxe5 18. Rxe5 Qf6 19. Re3 Qxb2 20. Na3 Rfd8
21. Nxb5 axb5 22. Rb3 Qf6 23. Rxb5 Qf5 24. Qd4 Rc2 25. h3 h5 26. a4 a6 27. Ra5
g5 28. Re1 g4 29. Re5 g3 30. fxg3 Qg6 31. h4 f6 32. Re1 Qxg3 33. Qe4 Kh8 34. Rf1
Qc3 35. Rxa6 Rg8 36. Kh1 Rcxg2 37. Qf5 Rh2+ 0-1